AoeStats
← eljeringas

MegaRandom

510928427Analyzed
2v2 RM · 20h ago on Oct 3, 2026· 50m 15s· 4 players
Game mode
Random Map
Map size
Medium (4 player)
Population
200
Speed
Normal
Resources
Standard
Victory
Conquest
Starting age
Dark Age
Ending age
Imperial Age
RankedLock teamsTeams togetherTeam positionsShared explorationLock speedFull tech treeHidden civsTurbo modeCheats
Victory
Defeat
🇺🇸 Magyars · United States
1091
+14
🇺🇸 Japanese · United States
1090
+14
🇲🇽 Teutons · Mexico
1048
-15
🇲🇽 Khitans · Mexico
1026
-13
eljeringas
7:03 Loom
10:21 Feudal Age
11:35 Double-Bit Axe
12:45 Horse Collar
20:33 Castle Age
21:29 Bloodlines
21:51 Gold Mining
22:03 Heavy Plow
22:17 Bow Saw
27:14 Scale Barding Armor
28:49 Chain Barding Armor
35:17 Forging
42:06 Imperial Age
43:20 Town Watch
43:08 Cavalier
NIXXT103
4:19 Loom
11:31 Feudal Age
18:10 Fletching
22:07 Castle Age
21:11 Gold Mining
21:11 Double-Bit Axe
22:54 Padded Archer Armor
26:02 Town Watch
26:27 Bodkin Arrow
28:24 Bow Saw
30:10 Leather Archer Armor
32:45 Ballistics
33:42 Domestication
33:46 Heavy Cavalry Archer
36:19 Wheelbarrow
41:57 Imperial Age
39:44 Husbandry
41:34 Hand Cart
43:44 Thumb Ring
44:44 Parthian Tactics
44:42 Stone Mining
46:32 Chemistry
46:16 Town Patrol
47:10 Elite Steppe Lancer
49:21 Forging
Hackjack37
6:17 Loom
9:42 Feudal Age
10:24 Double-Bit Axe
22:16 Castle Age
20:23 Fletching
22:24 Bloodlines
23:19 Thumb Ring
24:38 Bodkin Arrow
25:31 Husbandry
26:43 Padded Archer Armor
28:06 Wheelbarrow
27:18 Town Watch
28:55 Leather Archer Armor
29:43 Ballistics
35:45 Hand Cart
40:00 Imperial Age
41:36 Bracer
42:41 Chemistry
41:06 Heavy Cavalry Archer
42:14 Parthian Tactics
43:14 Ring Archer Armor
43:35 Conscription
44:19 Scale Barding Armor
43:40 Light Cavalry
44:49 Corvinian Army
45:30 Hussar
47:26 Horse Collar
49:13 Chain Barding Armor
True Anomaly
6:57 Loom
9:28 Feudal Age
9:35 Man-at-Arms
10:44 Double-Bit Axe
20:48 Castle Age
19:28 Arson
20:59 Long Swordsman
21:40 Squires
23:58 Gambesons
26:20 Wheelbarrow
26:34 Fletching
26:45 Padded Archer Armor
28:11 Bow Saw
28:14 Husbandry
28:37 Bodkin Arrow
29:52 Leather Archer Armor
30:04 Ballistics
30:37 Bloodlines
32:23 Thumb Ring
41:47 Imperial Age
39:34 Hand Cart
39:54 Guard Tower
40:01 Murder Holes
40:49 Horse Collar
41:25 Gold Mining
41:28 Stone Mining
42:00 Yasama
43:05 Bracer
43:46 Conscription
44:43 Chemistry
44:19 Keep
43:30 Arrowslits
46:31 Leather Archer Armor
45:42 Heavy Cavalry Archer
47:32 Kataparuto
48:15 Gold Shaft Mining
49:01 Parthian Tactics
49:11 Ring Archer Armor
Connection lost

Rejoining the realm…

Still unreachable

The connection could not be restored.

Session expired

The server has moved on; the page needs a fresh start.